 Dungeon Crawl Stone Soup version 0.18.1-50-g88ac8fd (webtiles) character file.

2457 Chiseanne the Covert (level 9, -7/48 HPs)
             Began as a Spriggan Assassin on Apr 3, 2017.
             Was an Initiate of Gozag.
             Mangled by an orc warrior
             ... wielding a +0 war axe
              (23 damage)
             ... in a bailey.
             The game lasted 00:18:34 (8503 turns).

Chiseanne the Covert (Spriggan Assassin)            Turns: 8503, Time: 00:18:35

Health: -7/48      AC:  5    Str:  7    XL:     9   Next: 26%
Magic:  10/10      EV: 25    Int: 12    God:    Gozag
Gold:   413        SH:  0    Dex: 21    Spells: 0 memorised, 8 levels left

rFire  + . .     SeeInvis +     w - +0 blowgun
rCold  . . .     Gourm    .     B - +2 robe {rF+}
rNeg   . . .     Faith    .     (shield restricted)
rPois  +         Spirit   .     (helmet restricted)
rElec  .         Dismiss  .     d - +0 cloak
rCorr  .         Reflect  .     (gloves unavailable)
SustAt .         Harm     .     (boots unavailable)
MR     +....                    (no amulet)
Stlth  ++++++....               (no ring)
                                c - ring of poison resistance

@: about to teleport, flying (expiring), very quick, somewhat resistant to
hostile enchantments, very stealthy
A: unfitting armour, see invisible, herbivore 3, speed 3, slow metabolism 2
a: Potion Petition, Call Merchant, Bribe Branch, Renounce Religion


You were in a bailey.
You worshipped Gozag.
Gozag was noncommittal.
You were not hungry.

You visited 2 branches of the dungeon, and saw 8 of its levels.
You also visited: Bailey.

You collected 541 gold pieces.
You spent 14 gold pieces at shops.
You paid 114 gold pieces to Gozag.

Inventory:

Hand Weapons
 a - a +2 dagger
 s - a +1 long sword of protection
 w - a +0 blowgun (weapon)
Missiles
 e - a poisoned needle (quivered)
 n - 52 bolts
 o - 79 arrows
 p - 4 tomahawks of returning
 q - 233 stones
 r - 40 sling bullets
 E - 2 tomahawks
Armour
 d - a +0 cloak (worn)
 z - a +0 robe of cold resistance
 B - a +2 robe of fire resistance (worn)
Jewellery
 c - a ring of poison resistance (left hand)
Wands
 l - a wand of flame (18/48)
Scrolls
 b - 2 scrolls of remove curse
 j - 3 scrolls of fear
 m - a scroll of amnesia
 t - a scroll of teleportation
Potions
 h - a potion of resistance {unknown}
 i - 2 potions of heal wounds
 u - a potion of ambrosia {unknown}
 v - 2 potions of flight
 A - a potion of magic {unknown}
 C - a potion of might
 D - a potion of lignification {unknown}
 F - a potion of haste {unknown}
Books
 k - a book of Alchemy

   Spells                             Type                      Level
   a - Sublimation of Blood           Necromancy                   2
   b - Ignite Poison                  Fire/Transmutation/Poison    3
   c - Petrify                        Transmutation/Earth          4
   d - Alistair's Intoxication        Transmutation/Poison         5
   e - Irradiate                      Conjuration/Transmutation    5
 x - a book of Envenomations

   Spells                             Type                      Level
   a - Spider Form                    Transmutation/Poison         3
   b - Olgreb's Toxic Radiance        Poison                       4
   c - Alistair's Intoxication        Transmutation/Poison         5
   d - Poisonous Cloud                Conjuration/Poison/Air       6
Comestibles
 g - 5 bread rations


   Skills:
 * Level 6.2 Fighting
 - Level 2.1 Short Blades
 + Level 5.4 Throwing
 + Level 7.5 Dodging
 * Level 12.2 Stealth


You had 8 spell levels left.
You didn't know any spells.

Dungeon Overview and Level Annotations

Branches:
Dungeon (7/15)             Temple (1/1) D:6

Altars:
Ashenzari
Cheibriados
Dithmenos
Elyvilon
Fedhas
Gozag
Kikubaaqudgha
Makhleb
Nemelex Xobeh
Okawaru
Pakellas
Qazlal
Ru
Sif Muna
Trog
Xom
Yredelemnul
Zin
The Shining One

Shops:
D:6 [   D:7 *


Innate Abilities, Weirdness & Mutations

You are tiny and cannot use many weapons and most armour.
You have supernaturally acute eyesight.
You are a herbivore.
You cover ground extremely quickly.
You need consume almost no food.


Message History

The orc warrior hits you with a war axe!!
* * * LOW HITPOINT WARNING * * *
The orc knight roars a battlecry!
The orc warriors go into a battle-frenzy!
The orc knight closely misses you.
Drink which item? (? for menu, Esc to quit)
You feel much better.
You hear a blaring wail to the southwest.
The orc warrior barely misses you.
You hear a shout!
Read which item? (? for menu, Esc to quit)
As you read the scroll of teleportation, it crumbles to dust.
You feel strangely unstable.
The orc warrior no longer looks unusually strong.
The orc knight roars a battlecry!
The orc warrior goes into a battle-frenzy!
The orc knight hits you with a war axe! The goblin barely misses you.
The orc warrior hits you with a war axe!!
You die...
Your body crumbles into a pile of gold. ▓▓▓▓▓ ▓.@.▓ ▓goo▓

▓.o.▓
##o##
≈$≈
#≈$≈#
K≈(≈$
##≈$≈##
K≈.≈K


You could see an orc knight, 3 orc warriors and a goblin.

Vanquished Creatures
  Pikel (D:5)
  The ghost of Chiseanne the Covert, an amateur SpAs of Gozag (D:4)
  A slave (D:5)
  2 ice beasts
  A phantom (D:5)
  An ogre (D:6)
  A centaur (D:5)
  Blork the orc (D:5)
  2 giant frogs
  A scorpion (D:4)
  4 howler monkeys (D:7)
  A centaur zombie (D:5)
  4 crimson imps
  A jelly (D:4)
  4 hounds
  2 orc wizards
  2 orc priests (D:5)
  2 centaur skeletons
  A giant frog skeleton (D:4)
  An iguana (D:5)
  8 worker ants
  A hound skeleton (D:6)
  3 gnolls (D:7)
  8 adders
  2 river rats (D:4)
  2 shadow imps
  An ooze (D:1)
  An adder skeleton (D:7)
  A worm (D:3)
  2 dart slugs
  7 giant geckos
  21 orcs
  14 bats
  5 giant cockroaches
  7 goblins
  4 hobgoblins
  4 jackals (D:1)
  A quokka (D:4)
  3 ball pythons
  A giant gecko skeleton (D:5)
  3 giant newts
  10 kobolds
  A quokka skeleton (D:5)
  7 rats
151 creatures vanquished.

Vanquished Creatures (others)
  A wizard (D:4)
  A giant cockroach (D:5)
2 creatures vanquished.

Grand Total: 153 creatures vanquished

Notes
Turn   | Place    | Note
--------------------------------------------------------------
     0 | D:1      | Chiseanne the Spriggan Assassin began the quest for the Orb.
     0 | D:1      | Reached XP level 1. HP: 10/10 MP: 2/2
    36 | D:1      | Reached skill level 6 in Stealth
   233 | D:1      | Reached XP level 2. HP: 15/15 MP: 3/3
   714 | D:1      | Reached XP level 3. HP: 12/18 MP: 4/4
  1847 | D:3      | Reached skill level 7 in Stealth
  1851 | D:3      | Reached XP level 4. HP: 8/23 MP: 5/5
  2969 | D:3      | Found a shimmering altar of Xom.
  3090 | D:3      | Reached XP level 5. HP: 12/28 MP: 6/6
  4007 | D:4      | Reached skill level 8 in Stealth
  4444 | D:4      | Reached XP level 6. HP: 17/32 MP: 7/7
  4465 | D:4      | Noticed Chiseanne's ghost (amateur SpAs)
  5086 | D:4      | Found a bloodstained altar of Trog.
  5087 | D:4      | Noticed a wizard
  5095 | D:4      | Killed a wizard
  5331 | D:4      | Killed Chiseanne's ghost
  5350 | D:4      | Reached XP level 7. HP: 22/37 MP: 8/8
  5695 | D:4      | Reached skill level 9 in Stealth
  5795 | D:5      | Entered Level 5 of the Dungeon
  5901 | D:5      | Reached skill level 5 in Dodging
  6201 | D:5      | Noticed Blork the orc
  6216 | D:5      | Killed Blork the orc
  6236 | D:5      | Noticed Pikel
  6250 | D:5      | Killed Pikel
  6250 | D:5      | Reached skill level 5 in Fighting
  6250 | D:5      | Reached skill level 10 in Stealth
  6250 | D:5      | Reached XP level 8. HP: 43/43 MP: 9/9
  6470 | D:5      | Reached skill level 11 in Stealth
  6629 | D:5      | Found a burning altar of Makhleb.
  6629 | D:5      | Noticed an Executioner
  7072 | D:6      | Found an iron altar of Okawaru.
  7074 | D:6      | Found a sacrificial altar of Ru.
  7166 | D:6      | Found a staircase to the Ecumenical Temple.
  7172 | D:6      | Reached skill level 5 in Throwing
  7180 | Temple   | Entered the Ecumenical Temple
  7243 | Temple   | Became a worshipper of Gozag Ym Sagoz the Greedy
  7539 | D:6      | Reached XP level 9. HP: 48/48 MP: 10/10
  7555 | D:6      | Found a sparkling altar of Nemelex Xobeh.
  7759 | D:6      | Found Huxkeihy's Antique Armour Emporium.
  7763 | D:6      | Got a heavily runed cloak
  7799 | D:6      | Identified the +0 cloak of Ru's Hatred {*Corrode rN+ Dex+3} (You found it on level 6 of the Dungeon)
  7814 | D:6      | Bought an embroidered robe for 14 gold pieces
  7842 | D:6      | Found a shadowy altar of Dithmenos.
  7846 | D:6      | Found a shattered altar of Ashenzari.
  7900 | D:7      | Reached skill level 12 in Stealth
  7950 | D:7      | Found Funtudi's General Store.
  8419 | D:7      | Found a flagged portal.
  8457 | Bailey   | Entered a bailey
  8478 | Bailey   | Noticed an orc knight
  8503 | Bailey   | Mangled by an orc warrior

Skill      XL: |  1  2  3  4  5  6  7  8  9 |
---------------+----------------------------+-----
Stealth        | 6 7 8 10 11 12 | 12.2
Fighting       | 2 3 5 6 |  6.2
Dodging        | 2 3 4 6 7 |  7.5
Throwing       | 3 4 5 |  5.4
Short Blades   | |  2.1

Action                   |  1- 3 |  4- 6 |  7- 9 || total
-------------------------+-------+-------+-------++-------
Melee: Dagger            |   100 |   168 |    56 ||   324
       Long sword        |       |    45 |   207 ||   252
 Fire: Blowgun           |    12 |    37 |    14 ||    63
Throw: Stone             |       |     1 |     6 ||     7
       Tomahawk          |       |       |     8 ||     8
Evoke: Wand              |       |       |     6 ||     6
  Use: Scroll            |     8 |     4 |     4 ||    16
       Potion            |       |     1 |     4 ||     5
 Stab: Sleeping          |    19 |    11 |    19 ||    49
       Distracted        |     1 |     1 |     1 ||     3
  Eat: Bread ration      |       |     1 |       ||     1
Armor: Robe              |    20 |    22 |    45 ||    87
Dodge: Dodged            |    82 |   164 |   307 ||   553
